Twerp, chaotic male elven Priest ------- ------- ---------------- |.....| |[[[[.| |............... ----------- #......| |[[[[.| #...............| |.......... ##|.....| |[)[[.| #|..........>...| |.........| ##|.....| |m[[)@-# #|..............| |.........| ##......| |@f.[.|# #------------.--- |.........| #---.--- -------# ### # |.........| # #### # # ### -----.--.-- # # # # # # #### # ### # # ################### # # # # # # ## -----# ----|-- #### # # ##....-#####......| #-----.--# -|---- # |...|### |.....| #|......-# |.....##### |^...# |.....| #|......| | |..<.| ## -----# |.....| #........ ......| |.....############ |.....| -------- | |....| ------- ------ Twerp the Aspirant Experience level: 2 Strength: 14 Dexterity: 9 Constitution: 14 Intelligence: 11 Wisdom: 20 Charisma: 7 Health: 0(22) Energy: 23(28) Def: 5 Gold: 218 Moves: 585 Dungeon seed: 4astygBp2q4KqsZ9 Game ID: Twerp_1615343626 Your Inventory: Coins $ - 218 gold pieces Weapons a - a blessed +1 mace (weapon in hand) l - 5 +0 darts Armor e - a +0 robe (being worn) n - a +0 small shield (being worn) Comestibles c - a clove of garlic d - a sprig of wolfsbane i - a tripe ration Spellbooks f - a spellbook of protection g - a spellbook of cure sickness Potions b - 4 potions of holy water Rings j - a ring of stealth (on left hand) Tools h - a wooden flute Gems q - a worthless piece of yellowish brown glass Spells and supernatural/magical abilities: Name Level Category Fail Memory p - protection 1 clerical 0% 98% K - cure sickness 3 healing 59% 98% W - pray for help -- divine ? -- X - turn undead -- divine ? -- Your skills at the end: Fighting Skills Weapon Skills mace [Basic] Spellcasting Skills clerical spells [Basic] Final Attributes: You were piously aligned. You had infravision. You were stealthy. You were held by a large mimic. You were protected. You are dead. Vanquished creatures: a gecko 2 jackals a fox 2 kobolds 2 grid bugs 2 lichens 3 newts 13 creatures vanquished. Voluntary challenges: You were an atheist. You used a wielded weapon 15 times, starting on turn 21. You were illiterate. You never genocided any monsters. You never polymorphed an object. You never changed form. You used no wishes. You never split a pudding. You never wrote Elbereth's name. You never violated your personal moral code. Dungeon overview: The Dungeons of Doom: levels 1 to 2 Level 1 a fountain a long staircase Level 2 <- You were here an armor shop History has recorded: On T:1 you entered the Dungeons of Doom to retrieve the Amulet of Yendor! On T:297 you advanced to experience level 2. On T:301 you reached level 2 of The Dungeons of Doom. Score breakdown: Gold: 218 ( 7961 points) Experience: 2 levels ( 5570 points) Exploration: 2 levels ( 4.44%) ( 4522 points) Discoveries: 1 item ( 0.35%) ( 1773 points) Valuables value: (no points given unless you survive) Artifact value: 0 ( 0 points) Variety of kills: 7 monsters ( 1.84%) ( 4066 points) Turncount: 585 turns ( 0 points) Survival: died (score multiplied by 80%) Total score: 19113 Latest messages: The door opens. "Hello, Twerp! Welcome to Tirebolu's used armor dealership!" You see here an ornamental cope (75 zorkmids). You see here a conical hat (159 zorkmids). You see here an iron skull cap (15 zorkmids). You see here a forked polearm (7 zorkmids). Wait! That's a large mimic! You hit the large mimic. (2x) The large mimic hits! You miss the large mimic. (2x) You hit the large mimic. The air around you begins to shimmer with a golden haze. The large mimic hits! You miss the large mimic. Qwerty picks up a conical hat. You miss the large mimic. (2x) Qwerty drops a conical hat. You hit the large mimic. Qwerty picks up a conical hat. The large mimic hits! You die... Tirebolu gratefully inherits all your possessions. Final status: Goodbye Twerp the Priest, killed by a large mimic... You died in The Dungeons of Doom on dungeon level 2 with 19113 points, and 218 pieces of gold, after 585 moves. You were level 2 with a maximum of 22 hit points when you died.